 Dungeon Crawl Stone Soup version 0.26-b1-45-g23770d1d51 (webtiles) character file.

Game seed: 7903145230708917156

648 DocSulfur the Ruffian (level 7, 43/57 HPs)
             Began as a Pale Draconian Transmuter on Jan 6, 2021.
             Quit the game on level 5 of the Dungeon.
             The game lasted 00:08:54 (5419 turns).

DocSulfur the Ruffian (Pale Draconian Transmuter)   Turns: 5419, Time: 00:08:55

Health: 43/57      AC:  7    Str: 14    XL:     7   Next: 27%
Magic:  12/12      EV: 27    Int: 13    God:
Gold:   237        SH:  0    Dex: 12    Spells: 10/13 levels left

rFire    . . .     SeeInvis .     - Unarmed
rCold    . . .     Faith    .   (no shield)
rNeg     . . .     Spirit   .   (armour unavailable)
rPois    .         Reflect  .   (helmet currently unavailable)
rElec    .         Harm     .   (no cloak)
rCorr    .         Rampage  .   s - +0 pair of gloves
Will     .....                  (boots currently unavailable)
Stlth    +.........             h - amulet of the acrobat
HPRegen  0.19/turn              (no ring)
MPRegen  0.13/turn              (no ring)

@: appendages (expiring), acrobat
A: breathe steam, unfitting armour, horns 2, talons 2, cold-blooded, AC +6
a: Breathe Steam, End Transformation


You were on level 5 of the Dungeon.
You had grown temporary horns.
You had grown temporary talons.
You visited 1 branch of the dungeon, and saw 5 of its levels.

You collected 237 gold pieces.

Inventory:

Missiles
 b - 31 poisoned darts (quivered)
 c - 6 atropa-tipped darts
 f - 95 arrows
 g - 88 stones
 m - 39 sling bullets
 n - 46 bolts
 w - 8 boomerangs
Armour
 s - a +0 pair of gloves (worn)
Jewellery
 h - an amulet of the acrobat (around neck)
Wands
 x - a wand of flame (11)
Scrolls
 a - a scroll of amnesia {unknown}
 d - a scroll of remove curse
 i - a scroll of fog
 j - a scroll of noise {unknown}
 l - a scroll of identify
 p - 2 scrolls of magic mapping
 t - a scroll of immolation {unknown}
 v - a scroll of teleportation {unknown}
Potions
 e - a potion of might {unknown}
 k - a potion of curing
 q - a potion of cancellation {unknown}
 r - 2 potions of flight {unknown}
 u - 2 potions of brilliance {unknown}


   Skills:
 + Level 3.5 Fighting
 - Level 1.7 Dodging
 * Level 5.4 Unarmed Combat
 + Level 3.5 Spellcasting
 * Level 4.9 Transmutations


You had 10 spell levels left.
You knew the following spells:

 Your Spells              Type           Power        Failure   Level
a - Beastly Appendage     Tmut           30%          2%          1
b - Wereblood             Tmut           15%          4%          2

Your spell library contained the following spells:

 Spells                   Type           Power        Failure   Level
 Spider Form              Tmut/Pois      4%           24%         3
 Ice Form                 Ice/Tmut       8%           61%         4
 Blade Hands              Tmut           7%           61%         5


Dungeon Overview and Level Annotations

Branches:
Dungeon (5/15)             Temple (0/1) D:5

Altars:
Hepliaklqana
Kikubaaqudgha
Nemelex Xobeh
Xom
The Shining One


Innate Abilities, Weirdness & Mutations

You can breathe blasts of scalding, opaque steam.
Your pale cyan-grey scales are hard. (AC +6)
You cannot fit into any form of body armour.
You are cold-blooded and may be slowed by cold attacks.
You have a pair of horns on your head.
You have razor-sharp toenails.


Message History

Pain shoots through your body!
You hit the shadow imp. Your headbutt misses the shadow imp.
The shadow imp is heavily wounded.
The shadow imp hits you.
You hit the shadow imp but do no damage.
You tail-slap the shadow imp.
The shadow imp is severely wounded.
The shadow imp hits you but does no damage.
You hit the shadow imp.
Your tail-slap misses the shadow imp.
The shadow imp is almost dead.
The shadow imp gestures at you.
You struggle to resist.
You closely miss the shadow imp.
The shadow imp is almost dead.
The shadow imp barely misses you.
You hit the shadow imp.
You kill the shadow imp!
You see here a hound corpse.
Your transformation is almost over.
Are you sure you want to abandon this character and quit the game? (Confirm with "yes".)

#.. #.########
#.#......#
#.#.####.# ##
###.#.# #.# .
#.....# #†#.#
#.#.######.#.#
#.#.# #......#
#.#.# #...@..+
#<#.. +......#
##### #......#
........+
#........#
##.####### ..
..


There were no monsters in sight!

Vanquished Creatures
  Edmund (D:4)
  An ogre (D:4)
  A phantom (D:4)
  An orc priest (D:3)
  2 hounds
  2 orc wizards (D:4)
  A worker ant (D:4)
  5 adders
  3 gnolls
  A shadow imp (D:5)
  A dart slug (D:1)
  2 leopard geckos
  4 orcs
  6 giant cockroaches
  7 goblins
  7 hobgoblins
  17 jackals
  11 kobolds
  A ball python (D:1)
  15 bats
  6 frilled lizards
  A giant cockroach zombie (D:5)
  7 rats
103 creatures vanquished.

Notes
Turn   | Place    | Note
-------+----------+-------------------------------------------
     0 | D:1      | DocSulfur the Draconian Transmuter began the quest for the
                  | Orb.
     0 | D:1      | Reached XP level 1. HP: 16/16 MP: 3/3
   359 | D:1      | Reached XP level 2. HP: 19/23 MP: 3/5
   438 | D:1      | Learned a level 2 spell: Wereblood
   903 | D:1      | Reached XP level 3. HP: 17/29 MP: 6/6
  1684 | D:2      | Found a glowing golden altar of the Shining One.
  1725 | D:2      | Found a sparkling altar of Nemelex Xobeh.
  1958 | D:2      | Reached XP level 4. HP: 23/36 MP: 5/7
  3075 | D:2      | Found an ancient bone altar of Kikubaaqudgha.
  3310 | D:3      | Reached skill level 4 in Unarmed Combat
  3593 | D:3      | Reached XP level 5. HP: 41/41 MP: 7/9
  3979 | D:4      | Found a hazy altar of Hepliaklqana.
  4206 | D:4      | Noticed a phantom
  4240 | D:4      | Killed a phantom
  4241 | D:4      | Reached XP level 6. HP: 35/50 MP: 10/10
  4547 | D:4      | Reached skill level 5 in Unarmed Combat
  4661 | D:4      | Found a shimmering altar of Xom.
  4854 | D:5      | Entered Level 5 of the Dungeon
  4854 | D:5      | Found a staircase to the Ecumenical Temple.
  4903 | D:5      | Noticed Edmund
  5038 | D:4      | HP: 2/51 [Edmund/+4 dire flail of protection (16)]
  5051 | D:4      | Killed Edmund
  5052 | D:4      | Your scales start taking on a pale cyan-grey colour.
  5052 | D:4      | Reached XP level 7. HP: 5/57 MP: 10/12
  5419 | D:5      | Quit the game

Illustrated notes

Levels and vault maps discovered:
D:1:      onia_arrival_pyramid, layout_basic
D:2:      layout_loops_ring, nicolae_overflow_hidden_temple
D:3:      layout_basic
D:4:      layout_basic, lemuel_round_altar, nicolae_overflow_crystal_walls
D:5:      layout_basic, amethyst_overflow_temple_binary,
          minmay_temple_entry_statues, hangedman_abyss_or_decor_slice,
          uniq_edmund

Skill      XL: |  1  2  3  4  5  6 |
---------------+-------------------+-----
Fighting       | 2 3 |  3.5
Transmutations | 3 4 |  4.9
Unarmed Combat | 4 5 |  5.4
Spellcasting   | 3 |  3.5
Dodging        | |  1.7

Action                   |  1- 3 |  4- 6 |  7- 9 || total
-------------------------+-------+-------+-------++-------
Melee: Unarmed           |   206 |   232 |    13 ||   451
       Tailslap          |    17 |    20 |     2 ||    39
       Kick              |     3 |    27 |     2 ||    32
       Headbutt          |     1 |    14 |       ||    15
       Punch             |     3 |     1 |       ||     4
Throw: Dart              |       |     3 |       ||     3
 Cast: Beastly Appendage |     5 |    24 |     1 ||    30
       Wereblood         |       |     2 |       ||     2
 Abil: Breathe Steam     |       |       |     1 ||     1
Evoke: Wand              |       |     5 |       ||     5
  Use: Scroll            |       |     6 |       ||     6
       Potion            |       |     1 |       ||     1
 Stab: Sleeping          |       |     1 |       ||     1
       Fleeing           |       |     1 |       ||     1
Armor: Skin              |    60 |    58 |     5 ||   123
Dodge: Dodged            |   171 |   166 |     4 ||   341
